 Dungeon Crawl Stone Soup version 0.17-a0-1979-g1c74939 (webtiles) character file.

9823 BarneyGumball the Grappler (level 11, -3/94 HPs)
             Began as a Troll Monk on Oct 5, 2015.
             Was the Champion of Cheibriados.
             Slain by a four-headed hydra (10 damage)
             ... on level 1 of the Lair of Beasts.
             The game lasted 00:41:56 (8716 turns).

BarneyGumball the Grappler (Troll Monk)             Turns: 8716, Time: 00:41:56

Health: -3/94      AC:  6    Str: 36    XL:     11   Next: 28%
Magic:  15/15      EV: 23    Int: 21    God:    Cheibriados [******]
Gold:   362        SH:  0    Dex: 36    Spells: 1 memorised, 6 levels left

rFire  . . .     SeeInvis .       - Unarmed
rCold  . . .     Clarity  .     m - +0 robe
rNeg   + . .     SustAt   .     (no shield)
rPois  .         Gourm    +     (helmet restricted)
rElec  .         Spirit   .     C - +0 cloak
rCorr  .         Warding  +     (gloves unavailable)
rMut   .         Rnd*Tele +     (boots unavailable)
MR     .....                    t - amulet of warding
Stlth  +++.......               l - +6 ring of dexterity
                                S - ring of teleportation

@: flying, very slow, not resistant to hostile enchantments, fairly stealthy
A: unfitting armour, claws 3, fast metabolism 3, gourmand, regeneration 2,
shaggy fur 1, tough skin 2
a: Bend Time, Temporal Distortion, Slouch, Step From Time, Renounce Religion,
Evoke Teleportation


You were on level 1 of the Lair of Beasts.
You worshipped Cheibriados.
Cheibriados was exalted by your worship.
You were very full.

You visited 3 branches of the dungeon, and saw 12 of its levels.

You collected 715 gold pieces.
You spent 353 gold pieces at shops.

Inventory:

Armour
 m - a +0 robe (worn)
 C - a +0 cloak (worn)
Jewellery
 d - an uncursed ring of protection from magic
 l - a +6 ring of dexterity (right claw)
 t - an amulet of warding (around neck)
 F - an uncursed ring of protection from magic
 L - an uncursed ring of ice
 S - a ring of teleportation (left claw)
Wands
 a - a wand of random effects (13)
 A - a wand of digging (15)
 H - a wand of disintegration (19)
 M - a wand of magic darts (37)
 N - a wand of frost (12)
Scrolls
 c - 12 scrolls of identify
 f - 2 scrolls of magic mapping
 g - 3 scrolls of recharging
 n - 2 scrolls of fear
 p - 6 scrolls of remove curse
 s - a scroll of amnesia {unknown}
 x - a scroll of enchant armour {unknown}
 y - 4 scrolls of teleportation
 B - a scroll of blinking {unknown}
 G - a scroll of fog {unknown}
Potions
 e - 3 potions of curing
 k - 5 potions of brilliance
 o - a potion of lignification {unknown}
 r - a potion of cure mutation
 v - 2 potions of poison
 w - a potion of flight
 z - a potion of cancellation {unknown}
 E - 2 potions of might {unknown}
 I - 2 potions of haste {unknown}
 J - a potion of heal wounds {unknown}
 O - a potion of resistance {unknown}
 P - a potion of ambrosia
Books
 i - a book of Changes

   Spells                             Type                      Level
   a - Beastly Appendage              Transmutation                1
   b - Sticks to Snakes               Transmutation                2
   c - Spider Form                    Transmutation/Poison         3
   d - Ice Form                       Ice/Transmutation            4
   e - Blade Hands                    Transmutation                5
Comestibles
 b - 12 bread rations
 h - 6 meat rations
 u - a royal jelly
 D - 3 beef jerkies
 K - 5 fruits
 Q - 10 slices of pizza


   Skills:
 - Level 2.5 Fighting
 - Level 10.2 Dodging
 - Level 1.2 Stealth
 - Level 10.3 Unarmed Combat
 * Level 3.6 Transmutations
 - Level 7.1 Invocations
 - Level 0.1 Evocations


You had 6 spell levels left.
You knew the following spells:

 Your Spells              Type           Power        Failure   Level  Hunger
a - Ice Form              Ice/Trmt       #.......     87%         4    #####..


Dungeon Overview and Level Annotations

Branches:
Dungeon (10/15)            Temple (1/1) D:4            Lair (1/8) D:8
    Orc (0/4) D:9

Altars:
Ashenzari
Cheibriados
Dithmenos
Elyvilon
Fedhas
Gozag
Kikubaaqudgha
Makhleb
Nemelex Xobeh
Okawaru
Qazlal
Ru
Sif Muna
Trog
Vehumet
Xom
Yredelemnul
Zin
The Shining One

Shops:
D:8 :   D:9 [   D:10 [[**

Annotations:
D:5 Eustachio


Innate Abilities, Weirdness & Mutations

You are too large for most types of armour.
You have claws for hands.
Your metabolism is lightning-fast.
You like to eat raw meat.
You heal very quickly.
You are covered in fur (AC +1).
You have very tough skin (AC +2).


Message History

You feel sick. The four-headed hydra misses you.
The four-headed hydra bites you!
* * * LOW HITPOINT WARNING * * *
The four-headed hydra barely misses you.
The four-headed hydra completely misses you.
Drink which item? (? for menu, Esc to quit)
You feel better.
You feel less invigorated. The four-headed hydra bites you.
* * * LOW HITPOINT WARNING * * *
The four-headed hydra closely misses you.
The four-headed hydra bites you!
* * * LOW HITPOINT WARNING * * *
The four-headed hydra completely misses you.
Drink which item? (? for menu, Esc to quit)
Okay, then.
Drink which item? (? for menu, Esc to quit)
It was a potion of cure mutation.
It has a very clean taste.
The four-headed hydra bites you.
* * * LOW HITPOINT WARNING * * *
The four-headed hydra bites you!
You die...

........ ..# #..##..# #.....
#.#####..#..## ###...#
#.#......#..P# #.
#...>.####.##....###.## #.
#..#..............##... #.
#.##.####..............
##.##..#.###..........#####
#####...#[#..D#..†......#######
.........[.#.#@...........†....
.......................###.##.#
###....###.#....#..# ######
##...............##
#....#.######.##.# ########
####.# #.# #.# #.#


You could see a four-headed hydra.

Vanquished Creatures
  The ghost of BarneyGumball the Transmogrifier, a novice DrTm of Cheibriados (D:8)
  An unseen horror (D:10)
  Pikel (D:7)
  A spiny frog (Lair:1)
  2 komodo dragons (Lair:1)
  2 trolls
  A two-headed ogre (D:10)
  A trapdoor spider zombie (D:9)
  A spriggan (D:9)
  Sigmund (D:3)
  A deep elf mage (D:10)
  A wyvern (D:8)
  A hungry ghost (D:8)
  2 hippogriffs
  A wolf (D:8)
  A basilisk (Lair:1)
  A soldier ant (D:10)
  A water moccasin (D:8)
  3 ice beasts
  A porcupine (Lair:1)
  Duvessa (D:5)
  A necrophage (D:7)
  A sky beast (D:8)
  A slave (D:7)
  4 orc warriors
  5 centaurs
  A phantom (D:3)
  11 big kobolds (D:8)
  6 ogres
  A gnoll sergeant (D:7)
  A wyvern skeleton (D:7)
  5 giant frogs
  A scorpion (D:6)
  6 killer bees
  Dowan (D:5)
  An electric eel (D:8)
  4 wights (D:10)
  A quasit (D:8)
  3 crimson imps
  2 jellies (D:8)
  3 centaur zombies
  A giant frog zombie (D:9)
  4 orc wizards
  A giant frog skeleton (D:5)
  Ijyb (D:2)
  An iguana (D:10)
  4 orc priests
  Jessica (D:2)
  7 hounds
  Natasha (thrice) (D:4)
  6 worker ants
  A hound zombie (D:7)
  A hound skeleton (D:9)
  A worker ant zombie (D:8)
  9 adders
  6 gnolls
  3 shadow imps
  3 oozes
  An adder zombie (D:6)
  An adder skeleton (D:9)
  2 worms (D:3)
  5 giant geckos
  32 orcs
  A ball python (D:3)
  9 bats
  6 giant cockroaches
  11 hobgoblins
  10 jackals
  22 kobolds
  A giant gecko zombie (D:5)
  4 giant newts
  8 goblins
  3 quokkas
  A quokka skeleton (D:5)
  14 rats
  A spectral orc (D:6)
270 creatures vanquished.

Vanquished Creatures (others)
  An adder skeleton (D:7)
  3 fungi (Lair:1)
4 creatures vanquished.

Grand Total: 274 creatures vanquished

Notes
Turn   | Place    | Note
--------------------------------------------------------------
     0 | D:1      | BarneyGumball the Troll Monk began the quest for the Orb.
     0 | D:1      | Reached XP level 1. HP: 22/22 MP: 0/0
    50 | D:1      | Reached XP level 2. HP: 29/29 MP: 1/1
   151 | D:1      | Reached XP level 3. HP: 27/36 MP: 2/2
   419 | D:1      | Reached skill level 5 in Unarmed Combat
   912 | D:2      | Noticed Jessica
   914 | D:2      | Killed Jessica
   914 | D:2      | Reached XP level 4. HP: 44/44 MP: 3/3
   992 | D:2      | Noticed Ijyb
  1012 | D:2      | Killed Ijyb
  1025 | D:2      | Reached skill level 6 in Unarmed Combat
  1350 | D:2      | Reached XP level 5. HP: 50/50 MP: 4/4
  1555 | D:3      | Noticed Sigmund
  1569 | D:3      | Killed Sigmund
  1569 | D:3      | Reached skill level 7 in Unarmed Combat
  1569 | D:3      | Reached XP level 6. HP: 21/59 MP: 5/5
  1800 | D:3      | Noticed a phantom
  2079 | D:3      | Found a sacrificial altar of Ru.
  2115 | D:3      | Killed a phantom
  2140 | D:4      | Noticed Natasha
  2144 | D:4      | Killed Natasha
  2144 | D:4      | Reached skill level 8 in Unarmed Combat
  2214 | D:4      | Noticed Natasha
  2224 | D:4      | Killed Natasha
  2242 | D:4      | Noticed Natasha
  2245 | D:4      | Killed Natasha
  2283 | D:4      | Reached XP level 7. HP: 48/66 MP: 6/6
  2575 | D:4      | Found a staircase to the Ecumenical Temple.
  2610 | Temple   | Entered the Ecumenical Temple
  2689 | Temple   | Became a worshipper of Cheibriados the Contemplative
  2689 | Temple   | Acquired Cheibriados's first power
  2790 | D:5      | Entered Level 5 of the Dungeon
  2934 | D:5      | Reached skill level 9 in Unarmed Combat
  3057 | D:5      | Noticed Eustachio
  3264 | D:5      | Noticed Duvessa
  3264 | D:5      | Noticed Dowan
  3272 | D:5      | Killed Dowan
  3294 | D:5      | Killed Duvessa
  3421 | D:5      | Reached skill level 10 in Unarmed Combat
  3427 | D:5      | Reached XP level 8. HP: 70/74 MP: 7/7
  3443 | D:5      | Acquired Cheibriados's second power
  3454 | D:5      | Found a burning altar of Makhleb.
  3798 | D:6      | Reached skill level 1 in Invocations
  3879 | D:6      | Found a glowing golden altar of the Shining One.
  4275 | D:6      | Found a basalt altar of Yredelemnul.
  4447 | D:7      | Found a shattered altar of Ashenzari.
  4504 | D:7      | Found a blossoming altar of Fedhas.
  4511 | D:7      | Acquired Cheibriados's third power
  4511 | D:7      | Reached skill level 5 in Dodging
  4525 | D:7      | Noticed Pikel
  4536 | D:7      | Killed Pikel
  4536 | D:7      | Reached XP level 9. HP: 50/80 MP: 10/10
  4711 | D:7      | Found an ancient bone altar of Kikubaaqudgha.
  5491 | D:8      | Reached skill level 5 in Invocations
  5668 | D:8      | Acquired Cheibriados's fourth power
  5684 | D:8      | Reached XP level 10. HP: 77/88 MP: 13/13
  6322 | D:9      | Found a staircase to the Orcish Mines.
  6417 | D:9      | Found Isaob's Armour Emporium.
  6504 | D:9      | Found an opulent altar of Gozag.
  6537 | D:9      | Found a sacrificial altar of Ru.
  7038 | D:10     | Entered Level 10 of the Dungeon
  7115 | D:10     | Found Ohuryzim's Assorted Antiques.
  7279 | D:10     | Killed an unseen horror
  7279 | D:10     | Reached skill level 10 in Dodging
  7373 | D:10     | Found Tezac's Antique Armour Shop.
  7512 | D:10     | Found Xomn's General Store.
  7536 | D:10     | Bought a scroll of teleportation for 39 gold pieces
  7536 | D:10     | Bought a scroll of teleportation for 39 gold pieces
  7571 | D:10     | Found Boilauq's Antique Armour Emporium.
  7756 | D:10     | Reached XP level 11. HP: 94/94 MP: 15/15
  8046 | D:8      | Found Umuhip's Book Emporium.
  8067 | D:8      | Bought a book of Changes for 275 gold pieces
  8072 | D:8      | Learned a level 4 spell: Ice Form
  8123 | D:8      | Found a staircase to the Lair.
  8240 | D:8      | Noticed BarneyGumball's ghost (novice DrTm)
  8256 | D:8      | Killed BarneyGumball's ghost
  8256 | D:8      | Reached skill level 1 in Transmutations
  8354 | Lair:1   | Entered Level 1 of the Lair of Beasts
  8702 | Lair:1   | Noticed a four-headed hydra
  8716 | Lair:1   | Slain by a four-headed hydra

Vault maps used:
D:1:      erik_arrival_gehennom, serial_bayou_pond_b
D:2:      uniq_iyjb, uniq_jessica
D:3:      nicolae_overflow_crystal_walls, uniq_sigmund
D:4:      minmay_temple_entry_mist, first_bread, uniq_natasha
D:5:      basic_altar, uniq_duvessa, uniq_eustachio
D:6:      yredelemnul_forgotten_temple_becter, tso_metal_star
D:7:      lemuel_zombie_altar_kikubaaqudgha, lemuel_round_altar,
          fedhas_bush_and_centaur_altar, uniq_pikel
D:8:      erik_lair_island, special_room, serial_shops, nicolae_shop_stone
D:9:      kennysheep_little_box, orc_david_3, basic_altar, grunt_pizzeria,
          minmay_holes
D:10:     serial_shops, shop, shop_statue,
          nicolae_shop_temple_entry_statues_fountains, nicolae_shop_waterfront
Temple:   zaba_magenta_temple_12

Action                   |  1- 3 |  4- 6 |  7- 9 | 10-12 || total
-------------------------+-------+-------+-------+-------++-------
Melee: Unarmed           |    61 |   135 |   275 |   250 ||   721
Invok: Slouch            |       |       |       |     1 ||     1
  Use: Scroll            |       |       |       |     9 ||     9
       Potion            |       |       |       |     6 ||     6
 Stab: Sleeping          |     2 |     2 |     9 |     4 ||    17
       Distracted        |       |       |     2 |       ||     2
  Eat: Chunk             |    12 |    14 |    24 |    21 ||    71
